3A
MYRTLE BEACH SEAHAWKS @ HOGSMEADE CAULDRONS
09/04/2024
 
TOP OF THE 1ST
Myrtle Beach Seahawks batting - Pitching for Hogsmeade Cauldrons : RHP James Dockery
Pitching: RHP James Dockery
Batting: LHB Tae-sang Han 0-0: SINGLE (Line Drive, 8RS)
Batting: RHB José Morín 0-0: Fielders Choice at 2nd, 4-6 (Groundball, 4)
Batting: RHB Turner Buccigross 0-0: Called Strike
0-1: Ball
1-1: Ball
2-1: Fly out, F9 (Flyball, 89M)
Batting: RHB León Sánchez 0-0: Swinging Strike
0-1: Swinging Strike
0-2: Strikes out swinging
Top of the 1st over - 0 run(s), 1 hit(s), 0 error(s), 1 left on base; Myrtle Beach 0 - Hogsmeade 0
BOTTOM OF THE 1ST
Hogsmeade Cauldrons batting - Pitching for Myrtle Beach Seahawks : RHP Quentin Bowers
Pitching: RHP Quentin Bowers
Batting: RHB Santiago Mosca 0-0: Ball
1-0: Called Strike
1-1: Called Strike
1-2: Strikes out swinging
Batting: RHB Gonzalo Ángel 0-0: Foul Ball, location: 2F
0-1: DOUBLE (Flyball, 7LM)
Batting: SHB Salvador Trevino 0-0: Ball
1-0: Called Strike
1-1: Ball
2-1: Foul Ball, location: 2F
2-2: Ball
3-2: Foul Ball, location: 2F
3-2: Foul Ball, location: 2F
3-2: Foul Ball, location: 2F
3-2: Foul Ball, location: 2F
3-2: Ground out 2-3 (Groundball, 23)
Gonzalo Ángel to third
Batting: LHB David Breitling 0-0: Ball
1-0: Called Strike
1-1: Foul Ball, location: 2F
1-2: Strikes out swinging
Bottom of the 1st over - 0 run(s), 1 hit(s), 0 error(s), 1 left on base; Myrtle Beach 0 - Hogsmeade 0
TOP OF THE 2ND
Myrtle Beach Seahawks batting - Pitching for Hogsmeade Cauldrons : RHP James Dockery
Batting: LHB Jim Unknown 0-0: Foul Ball, location: 2F
0-1: Ball
1-1: Ball
2-1: Called Strike
2-2: Foul Ball, location: 2F
2-2: Foul Ball, location: 2F
2-2: SINGLE (Flyball, 6MD)
Batting: LHB Gabriel López 0-0: Called Strike
0-1: Ball
1-1: Ball
2-1: Foul Ball, location: 2F
2-2: Foul Ball, location: 2F
2-2: Strikes out swinging
Batting: RHB Jorge Flores 0-0: Swinging Strike
0-1: Called Strike
0-2: Ball
1-2: Fly out, F7 (Flyball, 78M)
Batting: RHB Rodney Dudley 0-0: Called Strike
Jim Unknown steals 2nd base
0-1: Foul Ball, location: 2F
0-2: Fly out, F9 (Flyball, 89M)
Top of the 2nd over - 0 run(s), 1 hit(s), 0 error(s), 1 left on base; Myrtle Beach 0 - Hogsmeade 0
BOTTOM OF THE 2ND
Hogsmeade Cauldrons batting - Pitching for Myrtle Beach Seahawks : RHP Quentin Bowers
Batting: SHB Lupo Cotto 0-0: Foul Ball, location: 2F
0-1: Fly out, F8 (Flyball, 8RXD)
Batting: LHB Tyler Knopp 0-0: Ball
1-0: Called Strike
1-1: Swinging Strike
1-2: Ball
2-2: Foul Ball, location: 2F
2-2: Ball
3-2: Strikes out swinging
Batting: RHB Héctor Casas 0-0: Called Strike
0-1: Foul Ball, location: 2F
0-2: Strikes out swinging
Bottom of the 2nd over - 0 run(s), 0 hit(s), 0 error(s), 0 left on base; Myrtle Beach 0 - Hogsmeade 0
TOP OF THE 3RD
Myrtle Beach Seahawks batting - Pitching for Hogsmeade Cauldrons : RHP James Dockery
Batting: RHB Pedro Méndez 0-0: Ball
1-0: Called Strike
1-1: Fly out, F8 (Flyball, 8LM)
Batting: LHB Tae-sang Han 0-0: Ground out 4-3 (Groundball, 4)
Batting: RHB José Morín 0-0: Called Strike
0-1: Ball
1-1: Ground out 4-3 (Groundball, 4M)
Top of the 3rd over - 0 run(s), 0 hit(s), 0 error(s), 0 left on base; Myrtle Beach 0 - Hogsmeade 0
BOTTOM OF THE 3RD
Hogsmeade Cauldrons batting - Pitching for Myrtle Beach Seahawks : RHP Quentin Bowers
Batting: RHB Jim Unknown 0-0: Fly out, F3 (Popup, 13S)
Batting: LHB Austin Hathaway 0-0: Foul Ball, location: 2F
0-1: Called Strike
0-2: Foul Ball, location: 2F
0-2: Fly out, F7 (Flyball, 78M)
Batting: RHB Santiago Mosca 0-0: Called Strike
0-1: Swinging Strike
0-2: Ball
1-2: Ball
2-2: Ball
3-2: Base on Balls
Batting: RHB Gonzalo Ángel 0-0: Ball
1-0: Called Strike
1-1: Ball
2-1: Ground out 5-3 (Groundball, 5S)
Bottom of the 3rd over - 0 run(s), 0 hit(s), 0 error(s), 1 left on base; Myrtle Beach 0 - Hogsmeade 0
TOP OF THE 4TH
Myrtle Beach Seahawks batting - Pitching for Hogsmeade Cauldrons : RHP James Dockery
Batting: RHB Turner Buccigross 0-0: Ball
1-0: Swinging Strike
1-1: Foul Ball, location: 2F
1-2: Ball
2-2: Foul Ball, location: 2F
2-2: Ball
3-2: SINGLE (Flyball, 78M)
Batting: RHB León Sánchez 0-0: Ball
1-0: Foul Ball, location: 2F
1-1: Fly out, F9 (Line Drive, 9M)
Batting: LHB Jim Unknown 0-0: Called Strike
0-1: Ball
1-1: Foul Ball, location: 2F
1-2: Fly out, F8 (Flyball, 8LM)
Batting: LHB Gabriel López 0-0: Called Strike
0-1: Ground out 3-1 (Groundball, 34)
Top of the 4th over - 0 run(s), 1 hit(s), 0 error(s), 1 left on base; Myrtle Beach 0 - Hogsmeade 0
BOTTOM OF THE 4TH
Hogsmeade Cauldrons batting - Pitching for Myrtle Beach Seahawks : RHP Quentin Bowers
Batting: SHB Salvador Trevino 0-0: Called Strike
0-1: Ball
1-1: Ball
2-1: Swinging Strike
2-2: Foul Ball, location: 2F
2-2: Strikes out swinging
Batting: LHB David Breitling 0-0: Foul Ball, location: 2F
0-1: Foul Ball, location: 2F
0-2: Ball
1-2: Foul Ball, location: 2F
1-2: Strikes out swinging
Batting: SHB Lupo Cotto 0-0: Called Strike
0-1: Foul Ball, location: 2F
0-2: Foul Ball, location: 2F
0-2: Strikes out looking
Bottom of the 4th over - 0 run(s), 0 hit(s), 0 error(s), 0 left on base; Myrtle Beach 0 - Hogsmeade 0
TOP OF THE 5TH
Myrtle Beach Seahawks batting - Pitching for Hogsmeade Cauldrons : RHP James Dockery
Batting: RHB Jorge Flores 0-0: Ball
1-0: Swinging Strike
1-1: Called Strike
1-2: Ball
2-2: Fly out, F5 (Line Drive, 5S)
Batting: RHB Rodney Dudley 0-0: Called Strike
0-1: Swinging Strike
0-2: Ball
1-2: Fly out, F7 (Flyball, 78M)
Batting: RHB Pedro Méndez 0-0: Called Strike
0-1: Called Strike
0-2: Ball
1-2: Ground out 5-3 (Groundball, 5S)
Top of the 5th over - 0 run(s), 0 hit(s), 0 error(s), 0 left on base; Myrtle Beach 0 - Hogsmeade 0
BOTTOM OF THE 5TH
Hogsmeade Cauldrons batting - Pitching for Myrtle Beach Seahawks : RHP Quentin Bowers
Batting: LHB Tyler Knopp 0-0: Called Strike
0-1: Swinging Strike
0-2: Ball
1-2: Foul Ball, location: 2F
1-2: Fly out, F2 (Popup, 2L)
Batting: RHB Héctor Casas 0-0: Fly out, F9 (Flyball, 9M)
Batting: RHB Jim Unknown 0-0: Ball
1-0: Fly out, F3 (Popup, 3S)
Bottom of the 5th over - 0 run(s), 0 hit(s), 0 error(s), 0 left on base; Myrtle Beach 0 - Hogsmeade 0
TOP OF THE 6TH
Myrtle Beach Seahawks batting - Pitching for Hogsmeade Cauldrons : RHP James Dockery
Batting: LHB Tae-sang Han 0-0: SINGLE (Flyball, 7LS)
Batting: RHB José Morín 0-0: Called Strike
0-1: Ball
1-1: Bunted foul
1-2: Foul Ball, location: 2F
1-2: Strikes out swinging
Batting: RHB Turner Buccigross 0-0: Ball
1-0: Ball
2-0: Fly out, F8 (Flyball, 8RM)
Batting: RHB León Sánchez 0-0: Ball
1-0: Ball
2-0: Ball
3-0: Base on Balls
Tae-sang Han to second
Batting: LHB Jim Unknown 0-0: Called Strike
0-1: Ball
1-1: Ball
2-1: Foul Ball, location: 2F
2-2: Ball
3-2: Base on Balls
Tae-sang Han to third
León Sánchez to second
Batting: LHB Gabriel López 0-0: Fly out, F4 (Popup, 34D)
Top of the 6th over - 0 run(s), 1 hit(s), 0 error(s), 3 left on base; Myrtle Beach 0 - Hogsmeade 0
BOTTOM OF THE 6TH
Hogsmeade Cauldrons batting - Pitching for Myrtle Beach Seahawks : RHP Quentin Bowers
Batting: LHB Austin Hathaway 0-0: Ground out U3 (Groundball, 3)
Batting: RHB Santiago Mosca 0-0: Swinging Strike
0-1: Ground out 1-3 (Groundball, 23)
Batting: RHB Gonzalo Ángel 0-0: Foul Ball, location: 2F
0-1: Foul Ball, location: 2F
0-2: Strikes out swinging
Bottom of the 6th over - 0 run(s), 0 hit(s), 0 error(s), 0 left on base; Myrtle Beach 0 - Hogsmeade 0
TOP OF THE 7TH
Myrtle Beach Seahawks batting - Pitching for Hogsmeade Cauldrons : RHP James Dockery
Batting: RHB Jorge Flores 0-0: Called Strike
0-1: Ball
1-1: Ball
2-1: Fly out, F7 (Flyball, 7M)
Pinch Hitting: RHB César Villarreal 0-0: Called Strike
0-1: Ball
1-1: Called Strike
1-2: Foul Ball, location: 2F
1-2: Strikes out looking
Batting: RHB Pedro Méndez 0-0: Ball
1-0: Ground out 1-3 (Groundball, 13S)
Top of the 7th over - 0 run(s), 0 hit(s), 0 error(s), 0 left on base; Myrtle Beach 0 - Hogsmeade 0
BOTTOM OF THE 7TH
Hogsmeade Cauldrons batting - Pitching for Myrtle Beach Seahawks : RHP Quentin Bowers
Now in LF: César Villarreal
Batting: SHB Salvador Trevino 0-0: Ground out 6-3 (Groundball, 6M)
Batting: LHB David Breitling 0-0: Ball
1-0: Foul Ball, location: 2F
1-1: SINGLE (Flyball, 4D)
Batting: SHB Lupo Cotto 0-0: Called Strike
0-1: Ball
Throwing error on steal attempt, E2
David Breitling to third
1-1: Intentional Walk
Pinch Hitting: LHB Ignacio Medine 0-0: Called Strike
Lupo Cotto steals 2nd base
0-1: Foul Ball, location: 2F
0-2: Ball
1-2: Ground out 4-3 (Groundball, 4)
Batting: RHB Héctor Casas 0-0: Foul Ball, location: 2F
0-1: Ball
1-1: Ball
2-1: Swinging Strike
2-2: SINGLE (Line Drive, 56D)
David Breitling scores
Lupo Cotto to third
Runner from 3rd tries for Home, SAFE, no throw or cutoff
Batting: RHB Jim Unknown 0-0: Ball
1-0: Ball
2-0: Ball
3-0: Called Strike
3-1: Foul Ball, location: 2F
3-2: Base on Balls
Héctor Casas to second
Batting: LHB Austin Hathaway 0-0: Called Strike
0-1: Ball
1-1: Foul Ball, location: 2F
1-2: DOUBLE (Line Drive, 3L)
Héctor Casas scores
Jim Unknown to third
Batting: RHB Santiago Mosca 0-0: Ball
1-0: Ball
2-0: Ground out 4-3 (Groundball, 4)
Bottom of the 7th over - 3 run(s), 3 hit(s), 1 error(s), 2 left on base; Myrtle Beach 0 - Hogsmeade 3
TOP OF THE 8TH
Myrtle Beach Seahawks batting - Pitching for Hogsmeade Cauldrons : RHP James Dockery
Pitching: RHP Lorenzo Valverde
Now at 3B: Jim Unknown
Batting: LHB Tae-sang Han 0-0: Ball
1-0: Ground out 3-1 (Groundball, 34)
Batting: RHB José Morín 0-0: Foul Ball, location: 2F
0-1: Ball
1-1: Foul Ball, location: 2F
1-2: Foul Ball, location: 2F
1-2: Ball
2-2: Strikes out swinging
Batting: RHB Turner Buccigross 0-0: Called Strike
0-1: SINGLE (Line Drive, 8LS)
Pitching: RHP Javier Pérez
Batting: RHB León Sánchez 0-0: Foul Ball, location: 2F
0-1: Foul Ball, location: 2F
0-2: Strikes out swinging
Top of the 8th over - 0 run(s), 1 hit(s), 0 error(s), 1 left on base; Myrtle Beach 0 - Hogsmeade 3
BOTTOM OF THE 8TH
Hogsmeade Cauldrons batting - Pitching for Myrtle Beach Seahawks : RHP Quentin Bowers
Batting: RHB Gonzalo Ángel 0-0: Ground out U3 (Groundball, 3)
Batting: SHB Salvador Trevino 0-0: Ball
1-0: Ball
2-0: Foul Ball, location: 2F
2-1: Fly out, F7 (Flyball, 78S)
Batting: LHB David Breitling 0-0: Fly out, F7 (Flyball, 7LD)
Bottom of the 8th over - 0 run(s), 0 hit(s), 0 error(s), 0 left on base; Myrtle Beach 0 - Hogsmeade 3
TOP OF THE 9TH
Myrtle Beach Seahawks batting - Pitching for Hogsmeade Cauldrons : RHP Javier Pérez
Pitching: RHP Rodrigo Torres
Batting: LHB Jim Unknown 0-0: Ball
1-0: Called Strike
1-1: Ball
2-1: Swinging Strike
2-2: Strikes out looking
Batting: LHB Gabriel López 0-0: Ground out 4-3 (Groundball, 13)
Batting: RHB Jorge Flores 0-0: Ball
1-0: Ball
2-0: Called Strike
2-1: Ground out 5-3 (Groundball, 5)
Top of the 9th over - 0 run(s), 0 hit(s), 0 error(s), 0 left on base; Myrtle Beach 0 - Hogsmeade 3
This league is powered by Out of the Park Baseball, the baseball management simulation game for PC, Mac and Linux
Monday, October 3rd, 2016 - OOTP Baseball 16.9 Build 39